 Dungeon Crawl Stone Soup version 0.32-a0-673-g3729bd50f8 (webtiles) character file.

Game seed: 5034854684367917171

692 Fodor the Chopper (level 7, -1/60 HPs)
             Began as a Minotaur Fighter on Mar 10, 2024.
             Was an Initiate of Gozag.
             Killed by divine providence
             ... invoked by an orc priest
              (15 damage)
             ... on level 5 of the Dungeon.
             The game lasted 00:10:23 (3187 turns).

Fodor the Chopper (Minotaur Fighter)                Turns: 3187, Time: 00:10:24

Health: -1/60      AC:  7    Str: 22    XL:     7   Next: 36%
Magic:  6/6        EV: 10    Int:  5    God:    Gozag
Gold:   179        SH:  4    Dex: 10    Spells: 6/6 levels left

rFire   . . .        a - +0 war axe
rCold   . . .        c - +0 buckler
rNeg    . . .        b - +0 scale mail
rPois   .            (helmet restricted)
rElec   .            A - scarf {+Inv}
rCorr   .            (no gloves)
SInv    .            (no boots)
Will    .....        p - amulet of the acrobat Stlth
                     (no ring)
HPRegen 0.30/turn    (no ring)
MPRegen 0.10/turn

%: acrobat
@: gold aura
A: horns 2, retaliatory headbutt
a: Renounce Religion, Evoke Invisibility, Potion Petition, Call Merchant, Bribe
Branch


You were on level 5 of the Dungeon.
You worshipped Gozag.
Gozag was aware of your devotion.
You visited 2 branches of the dungeon, and saw 6 of its levels.
You also visited: Sewer.

You collected 480 gold pieces.
You spent 220 gold pieces at shops.
You paid 81 gold pieces to Gozag.

Inventory:

Hand Weapons
 a - a +0 war axe (weapon)
 x - a +0 orcbow
Armour
 b - a +0 scale mail (worn)
 c - a +0 buckler (worn)
 A - a scarf of invisibility (worn)
Jewellery
 p - an amulet of the acrobat (around neck)
 B - a ring of protection from fire
 C - a ring of protection from fire
Talismans
 k - a blade talisman
 w - a maw talisman
Wands
 s - a wand of paralysis (5)
 y - a wand of iceblast (12)
 z - a wand of flame (24)
Scrolls
 e - 5 scrolls of fear {unknown}
 g - a scroll of revelation {unknown}
 h - a scroll of vulnerability {unknown}
 i - 2 scrolls of fog {unknown}
 j - 5 scrolls of teleportation {unknown}
 m - 3 scrolls of torment {unknown}
 n - a scroll of enchant weapon {unknown}
 q - a scroll of noise {unknown}
 u - a scroll of silence {unknown}
Potions
 d - a potion of might
 f - 3 potions of haste
 l - a potion of ambrosia {unknown}
 o - 6 potions of heal wounds
 r - a potion of lignification {unknown}
 t - 2 potions of mutation {unknown}
 v - a potion of curing {unknown}


   Skills:
 + Level 4.9 Fighting
 + Level 6.7 Axes
 + Level 6.5 Armour
 + Level 1.1 Dodging
 + Level 0.1 Stealth
 + Level 4.7 Shields


You had 6 spell levels left.
You didn't know any spells.
Your spell library contained the following spells:

 Spells                   Type           Power      Damage    Failure   Level
 Apportation              Tloc           0%         N/A       83%         1
 Necrotise                Necr           0%         1d4       83%         1
 Slow                     Hex            0%         N/A       83%         1
 Sting                    Conj/Alch      0%         1d3       83%         1
 Summon Small Mammal      Summ           0%         N/A       83%         1
 Confusing Touch          Hex            0%         N/A       99%         3
 Sigil of Binding         Hex            0%         N/A       99%         3
 Vampiric Draining        Necr           0%         2d6       99%         3
 Volatile Blastmotes      Fire/Tloc      0%         2d10      99%         3
 Brom's Barrelling Bould  Conj/Erth      0%         2d3       100%        4
 Fulminant Prism          Conj/Alch      0%         3d5       100%        4
 Iskenderun's Mystic Bla  Conj/Tloc      0%         2d3       100%        4
 Martyr's Knell           Necr/Summ      0%         N/A       100%        4
 Curse of Agony           Necr           0%         N/A       100%        5
 Fireball                 Conj/Fire      0%         3d3       100%        5
 Iskenderun's Battlesphe  Conj           0%         2d6       100%        5
 Conjure Ball Lightning   Conj/Air       0%         3x3d6     100%        6
 Orb of Destruction       Conj           0%         9d5       100%        7


Dungeon Overview and Level Annotations

Branches:
Dungeon (5/15)             Temple (1/1) D:4           Sewer (visited)

Altars:
Ashenzari
Dithmenos
Elyvilon
Fedhas
Gozag
Hepliaklqana
Makhleb
Nemelex Xobeh
Qazlal
Ru
Sif Muna
Trog
Vehumet
Xom
Yredelemnul
Zin
The Shining One

Shops:
D:4 !


Innate Abilities, Weirdness & Mutations

You have a pair of horns on your head.
You reflexively headbutt those who attack you in melee.


Message History

The ice beast hits you but does no damage.
You hit the ice beast but do no damage. Your headbutt misses the ice beast.
You hit the iguana but do no damage. You slash the orc warrior!
You closely miss the orc priest.
The iguana bites you but does no damage.
The ice beast hits you. The ice beast freezes you!
You block the orc priest's attack.
The orc warrior hits you with a +0 long sword.
The iguana attacks as it pursues you! The iguana completely misses you.
The ice beast barely misses you. The orc warrior barely misses you.
The orc priest is distracted by your dazzling golden aura.
Things that are here:
7 gold pieces; a +0 dagger; a +0 robe The ice beast attacks as it pursues you!
The ice beast completely misses you. The orc warrior barely misses you.
You furiously retaliate!
You headbutt the orc warrior, but do no damage.
The orc priest shouts!
You hit the orc warrior. Your headbutt misses the orc warrior.
The orc warrior is heavily wounded.
You hit the ice beast.
The orc warrior hits you with a +0 long sword.
The ice beast barely misses you.
You closely miss the orc warrior.
The orc warrior is heavily wounded.
You closely miss the ice beast. You hit the iguana.
You block the ice beast's attack. The iguana bites you.
The orc priest is no longer distracted by gold.
The orc warrior closely misses you. The ice beast completely misses you.
You furiously retaliate!
You headbutt the ice beast. The iguana bites you!
* * * LOW HITPOINT WARNING * * *
You hit the orc priest.
The orc priest is almost dead.
You slash the ice beast!
You hit the orc warrior but do no damage.
You hit the iguana. The orc warrior barely misses you.
The orc priest calls down the wrath of Beogh upon you.
Beogh smites you!
You die...
Your body crumbles into a pile of gold.

.....#
##..#.##<..####..##
.....####...#####..##
#.##
........##....##....#####
........###...........##
.......... ..#.##......#
...<....### #.#....#..#
........# #......####
........# ###.o.##
......... #Y@l.#
....##.(. #.o.## .#### ..
#$$...# #.:.### ...#.
....#.. #..#.....
....#..### ...>. .


You could see an orc warrior, an ice beast, an iguana and an orc priest.

Vanquished Creatures
  Pargi (Sewer)
  A black bear (D:5)
  A scorpion (D:5)
  A brain worm (Sewer)
  2 bombardier beetles
  A jelly (D:4)
  2 hounds (D:4)
  An orc priest (D:4)
  Jessica (D:3)
  Ijyb (D:3)
  An iguana (D:5)
  An orc wizard (D:5)
  2 adders
  A gnoll (D:1)
  A ribbon worm (D:2)
  10 orcs
  8 ball pythons
  4 endoplasms
  3 giant cockroaches
  5 goblins
  3 hobgoblins
  7 kobolds
  4 quokkas
  3 bats (D:1)
  8 frilled lizards
  6 rats
79 creatures vanquished.

Notes
Turn   | Place    | Note
-------+----------+-------------------------------------------
     0 | D:1      | Fodor the Minotaur Fighter began the quest for the Orb.
     0 | D:1      | Reached XP level 1. HP: 19/19 MP: 0/0
   142 | D:1      | Reached XP level 2. HP: 22/27 MP: 1/1
   396 | D:2      | Reached XP level 3. HP: 31/34 MP: 2/2
  1226 | D:3      | Noticed Ijyb
  1233 | D:3      | Paralysed by Ijyb for 4 turns
  1241 | D:3      | Killed Ijyb
  1242 | D:3      | Reached XP level 4. HP: 25/41 MP: 3/3
  1478 | D:3      | Noticed Jessica
  1487 | D:3      | Killed Jessica
  1494 | D:3      | Identified the +5 spear of Exeneax {antimagic, rF+ Dex+4}
  1587 | D:3      | Reached XP level 5. HP: 21/47 MP: 4/4
  1960 | D:4      | Found a staircase to the Ecumenical Temple.
  1969 | Temple   | Entered the Ecumenical Temple
  1986 | Temple   | Became a worshipper of Gozag Ym Sagoz the Greedy
  2107 | D:4      | Found a shadowy altar of Dithmenos.
  2140 | D:4      | Reached skill level 5 in Axes
  2163 | D:4      | Reached skill level 5 in Armour
  2268 | D:4      | Found a broken altar of Ashenzari.
  2368 | D:4      | Reached XP level 6. HP: 39/53 MP: 5/5
  2466 | D:4      | Found Vaogiel's Distillery.
  2472 | D:4      | Bought a potion of haste for 110 gold pieces
  2472 | D:4      | Bought 2 potions of heal wounds for 110 gold pieces
  2620 | D:5      | Entered Level 5 of the Dungeon
  2779 | D:5      | Found a glowing silver altar of Zin.
  2844 | D:5      | Found a glowing drain.
  2856 | Sewer    | Entered a sewer
  2877 | Sewer    | Noticed Pargi
  2891 | Sewer    | Killed Pargi
  2892 | Sewer    | Reached skill level 1 in Dodging
  2892 | Sewer    | Reached XP level 7. HP: 45/60 MP: 6/6
  3187 | D:5      | Killed from afar by an orc priest

Illustrated notes

Levels and vault maps discovered:
D:1:      mushboom_english_gardens, layout_rooms, minmay_hexomino_p4
D:2:      layout_loops_ring, grunt_decor_arrowhead, grunt_ministairs_1
D:3:      layout_rooms, dreamdust_princess_corridor, uniq_ijyb, uniq_jessica
D:4:      layout_basic, mainiacjoe_overflow_small_starburst, lemuel_round_altar,
          minmay_temple_entry_large_hall, serial_shops, nicolae_square_shop,
          minmay_close_crescents
D:5:      layout_cave_pools, mainiacjoe_overflow_catwalk,
          grunt_temple_overflow_diamond, gup_sewer_entry_bubbles
Temple:   nicolae_temple_ecumenical_triangle

Skill      XL: |  1  2  3  4  5  6 |
---------------+-------------------+-----
Fighting       | 4 |  4.9
Armour         | 4 5 6 |  6.5
Shields        | 4 |  4.7
Axes           | 3 4 5 6 |  6.7
Dodging        | 1 |  1.1
Stealth        | |  0.1

Action                     |  1- 3 |  4- 6 |  7- 9 || total
---------------------------+-------+-------+-------++-------
  Melee: War axe           |    68 |    99 |    17 ||   184
         Headbutt          |    10 |    16 |     4 ||    30
 Armour: Scale mail        |    47 |   100 |    13 ||   160
  Dodge: Dodged            |    32 |    65 |    17 ||   114
  Block: Buckler           |    16 |    23 |     6 ||    45

Table legend: (Time is in decaauts)
 A = Elapsed time spent in this place.
 B = Non-inter-level travel time spent in this place.
 C = Inter-level travel time spent in this place.
 D = Time resting spent in this place.
 E = Time spent auto-exploring this place.
 F = Levels seen in this place.
 G = Mean time per level.
                   A        B        C        D        E       F      G
               +--------+--------+--------+--------+--------+-----+--------+
         Total |   3303 |   3119 |    184 |     57 |   2077 |   7 |  471.9 |
       Dungeon |   3055 |   2871 |    184 |     57 |   1969 |   5 |  611.0 |
        Temple |     36 |     36 |      0 |      0 |      0 |   1 |   36.0 |
         Sewer |    210 |    210 |      0 |      0 |    108 |   1 |  210.0 |
               +--------+--------+--------+--------+--------+-----+--------+

Top non-repeatable levels by time:
     D:3: 793 daAuts
     D:2: 738 daAuts
     D:4: 697 daAuts
     D:5: 428 daAuts
     D:1: 397 daAuts
   Sewer: 210 daAuts
  Temple: 36 daAuts
